 Dungeon Crawl Stone Soup version 0.32-a0-290-g598725c (webtiles) character file.

Game seed: 18106839945418595774

498 staltz the Insei (level 7, -4/73 HPs)
             Began as a Djinni Shapeshifter on Feb 13, 2024.
             Slain by an iguana (8 damage)
             ... on level 4 of the Dungeon.
             The game lasted 00:09:52 (3221 turns).

staltz the Insei (Djinni Shapeshifter)              Turns: 3221, Time: 00:09:53

Health: -4/73      AC: 23    Str: 13    XL:     7   Next: 39%
Gold:   112        EV:  2    Int: 11    God:
                   SH:  0    Dex: 15

rFire   + .          .
                       - Unarmed
rCold   + . .        (no shield)
rNeg    . . .        a - melded +0 animal skin
rPois   ∞            (helmet currently unavailable)
rElec   +            (cloak currently unavailable)
rCorr   +            (gloves currently unavailable)
SInv    .            (boots unavailable)
Will    .....        (no amulet)
Stlth   ++           n - +4 ring of slaying
HPRegen 0.32/turn    (no ring)
MPRegen 0.00/turn

%: infuse magic (-5 HP)
@: mighty, brilliant, tree-form, resistant, hasted, very quick
A: stationary, stasis, torment immunity, boosted hp, sickness immunity, (fire
resistance 2), (cold vulnerability 1), float, innate caster, HP casting, extra
vitality 1
a: no special abilities


You were on level 4 of the Dungeon.
You were a tree.
You visited 1 branch of the dungeon, and saw 5 of its levels.

You collected 112 gold pieces.

Inventory:

Missiles
 h - 9 poisoned darts (quivered)
Armour
 a - a +0 animal skin (melded)
 g - a +0 kite shield
 p - a +0 pair of gloves
Jewellery
 n - a +4 ring of slaying (left branch)
Talismans
 c - a beast talisman (active)
 d - a flux talisman
Scrolls
 e - 4 scrolls of enchant weapon
 m - a scroll of vulnerability {unknown}
 q - a scroll of immolation {unknown}
 s - a scroll of teleportation {unknown}
 u - a scroll of poison {unknown}
 v - a scroll of brand weapon {unknown}
Potions
 f - 2 potions of haste
 i - 2 potions of berserk rage
 l - a potion of enlightenment


   Skills:
 + Level 2.4 Fighting
 + Level 3.8 Dodging
 + Level 1.4 Stealth
 + Level 5.7 Unarmed Combat
 + Level 3.5 Shapeshifting


You knew the following spells:

 Your Spells              Type           Power      Damage    Failure   Level
a - Slow                  Hex            0%         N/A       34%         1
b - Call Imp              Summ           0%         N/A       47%         2
c - Vampiric Draining     Necr           0%         2d6       71%         3
Your spell library was empty.

Dungeon Overview and Level Annotations

Branches:
Dungeon (5/15)
 Temple: D:4-7

Altars:
Qazlal


Innate Abilities, Weirdness & Mutations

You are a tree.
Your roots penetrate the ground, keeping you stationary.
You cannot be teleported.
You are immune to unholy pain and torment.
Your maximum health is greatly increased.
Your equipment is partially melded.
You are immune to sickness and miasma.
You are immune to poison.
((Your flesh is very heat resistant. (rF++)))
((You are vulnerable to cold. (rC-)))
You float through the air rather than walking.
You learn spells naturally, not from books.
Your magical power is your life essence.
You have superior vitality. (+4 MHP)


Message History

You pummel the gnoll!!
You kill the gnoll!
Throw: 13 darts (poison)
Press: ? - help, Q - select action, (/) - cycle Shift-Dir - straight line, f - bombardier beetle
Aim: a bombardier beetle (heavily wounded, 72% to hit)
You throw a poisoned dart.
The poisoned dart hits the bombardier beetle.
The bombardier beetle is heavily wounded.
You barely miss the bombardier beetle.
The bombardier beetle is heavily wounded.
Your enlightenment fades.
You smack the bombardier beetle!
You punch the bombardier beetle.
You kill the bombardier beetle!
Throw: 12 darts (poison)
Press: ? - help, Q - select action, (/) - cycle Shift-Dir - straight line, f - iguana
Aim: an iguana (heavily wounded, 65% to hit)
You throw a poisoned dart. The poisoned dart hits the iguana.
The iguana is heavily wounded.
Throw: 11 darts (poison)
Press: ? - help, Q - select action, (/) - cycle Shift-Dir - straight line, f/p - iguana
Aim: an iguana (heavily wounded, 65% to hit)
You throw a poisoned dart. The poisoned dart hits the iguana.
The iguana is heavily wounded.
Unknown command.
You barely miss the iguana.
The iguana is heavily wounded.
The iguana bites you!
* * * LOW HITPOINT WARNING * * *
The gnoll hits you from afar with a +0 halberd.
* * * LOW HITPOINT WARNING * * *
You smack the iguana!
The iguana is almost dead.
Throw: 10 darts (poison)
Press: ? - help, Q - select action, (/) - cycle Shift-Dir - straight line, f/p - iguana
Aim: an iguana (almost dead, 65% to hit)
You throw a poisoned dart.
The poisoned dart closely misses the iguana.
The poisoned dart hits the gnoll.
The iguana bites you!
You die...

#........
#........
#....g...
#........
#........
#........
#####........
#.♣lg>$...B..
#####........
#####.### ..
.


You could see an iguana and a gnoll.

Vanquished Creatures
  A bombardier beetle (D:4)
  A hound (D:5)
  2 jellies (D:5)
  2 orc priests (D:3)
  A sleepcap (D:5)
  Robin (D:2)
  7 gnolls
  7 adders
  3 ribbon worms
  3 orcs (D:3)
  3 ball pythons
  7 endoplasms
  2 giant cockroaches
  11 hobgoblins
  2 quokkas
  8 bats
  2 frilled lizards
  12 goblins
  5 kobolds
  7 rats
87 creatures vanquished.

Notes
Turn   | Place    | Note
-------+----------+-------------------------------------------
     0 | D:1      | staltz the Djinni Shapeshifter began the quest for the Orb.
     0 | D:1      | Reached XP level 1. HP: 17/17 MP: 0/0
   124 | D:1      | Reached XP level 2. HP: 5/22 MP: 0/0
   440 | D:1      | Reached XP level 3. HP: 20/27 MP: 0/0
   440 | D:1      | Learned a level 1 spell: Slow
  1179 | D:2      | Reached XP level 4. HP: 29/33 MP: 0/0
  1617 | D:2      | Noticed Robin
  1627 | D:1      | Reached XP level 5. HP: 23/38 MP: 0/0
  1627 | D:1      | Learned a level 2 spell: Call Imp
  1729 | D:1      | Reached skill level 4 in Unarmed Combat
  1980 | D:2      | Killed Robin
  2213 | D:2      | Reached XP level 6. HP: 42/43 MP: 0/0
  2337 | D:3      | Found a stormy altar of Qazlal.
  2545 | D:3      | Reached skill level 1 in Stealth
  2545 | D:3      | Reached skill level 5 in Unarmed Combat
  2739 | D:3      | You are sucked into a shaft and drop 2 floors!
  2739 | D:5      | Entered Level 5 of the Dungeon
  2939 | D:5      | Reached XP level 7. HP: 44/49 MP: 0/0
  2939 | D:5      | Learned a level 3 spell: Vampiric Draining
  3221 | D:4      | Slain by an iguana

Illustrated notes

Levels and vault maps discovered:
D:1:      scummos_arrival_forest, layout_basic
D:2:      minmay_wonky_spiral, layout_rooms, kennysheep_flooded_box,
          minmay_octomino_j4, uniq_robin
D:3:      layout_rooms, lemuel_tele_altar, tgw_fedhas, serial_shops,
          nicolae_shop_pleasant_corner_grove, minmay_fountain_box,
          minmay_hedge_maze, chequers_serial_rivers_room_a, corexii_shack,
          dilly_guarded_unrand_morg, uniq_ijyb
D:4:      layout_basic, pdpol_temple_overflow_zin_treasury_gozag_greed,
          mainiacjoe_overflow_surrounded_room, minmay_temple_entry_butterflies,
          uniq_menkaure
D:5:      minmay_chambers_of_fours, layout_loops_ring

Skill      XL: |  1  2  3  4  5  6 |
---------------+-------------------+-----
Shapeshifting  | 3 |  3.5
Fighting       | 2 |  2.4
Dodging        | 3 |  3.8
Unarmed Combat | 4 5 |  5.7
Stealth        | 1 |  1.4

Action                     |  1- 3 |  4- 6 |  7- 9 || total
---------------------------+-------+-------+-------++-------
  Melee: Unarmed           |    90 |   203 |    20 ||   313
         Punch             |     3 |     8 |     1 ||    12
  Throw: Dart              |       |     1 |     4 ||     5
    Use: Scroll            |       |     3 |     2 ||     5
         Potion            |       |       |     6 ||     6
   Stab: Sleeping          |       |     4 |       ||     4
 Armour: Animal skin       |    47 |    75 |     5 ||   127
         Skin              |       |       |     6 ||     6
  Dodge: Dodged            |    53 |   118 |     6 ||   177

Table legend: (Time is in decaauts)
 A = Elapsed time spent in this place.
 B = Non-inter-level travel time spent in this place.
 C = Inter-level travel time spent in this place.
 D = Time resting spent in this place.
 E = Time spent auto-exploring this place.
 F = Levels seen in this place.
 G = Mean time per level.
                   A        B        C        D        E       F      G
               +--------+--------+--------+--------+--------+-----+--------+
         Total |   3195 |   3036 |    159 |    584 |   1480 |   5 |  639.0 |
       Dungeon |   3195 |   3036 |    159 |    584 |   1480 |   5 |  639.0 |
               +--------+--------+--------+--------+--------+-----+--------+

Top non-repeatable levels by time:
     D:1: 1420 daAuts
     D:2: 892 daAuts
     D:5: 443 daAuts
     D:3: 409 daAuts
     D:4: 29 daAuts
